 Dungeon Crawl Stone Soup version 0.30.0 (webtiles) character file.

Game seed: 3658148759091411544

243 jimonade the Scratcher (level 5, -2/24 HPs)
             Began as a Felid Monk on May 7, 2023.
             Killed by divine providence
             ... invoked by an orc priest
              (14 damage)
             ... on level 4 of the Dungeon.
             The game lasted 00:06:31 (2898 turns).

jimonade the Scratcher (Felid Monk)                 Turns: 2898, Time: 00:06:31

Health: -2/24      AC:  1    Str:  9    XL:     5   Next: 82%
Magic:  6/6        EV: 21    Int: 12    God:
Gold:   131        SH:  0    Dex: 24    Spells: 4/4 levels left
                                        Lives:  0   Deaths: 1

rFire   . .          .
                       - Unarmed
rCold   . . .        (shield unavailable)
rNeg    . . .        (body armour unavailable)
rPois   .            (helmet unavailable)
rElec   .            (cloak unavailable)
rCorr   .            (gloves unavailable)
SInv    +            (boots unavailable)
Will    .....        (no amulet)
Stlth   +++          h - +6 ring of dexterity
HPRegen 0.24/turn    (no ring)
MPRegen 0.10/turn

%: no passive effects
@: quick
A: very small, claws 1, fangs 3, see invisible, speed 1, shaggy fur 1, stealthy
paws, no weapons or thrown items, no armour, multi-lived
a: no special abilities


You were on level 4 of the Dungeon.
You visited 1 branch of the dungeon, and saw 4 of its levels.

You collected 159 gold pieces.
You spent 28 gold pieces at shops.

Inventory:

Missiles
 b - 7 poisoned darts
Jewellery
 h - a +6 ring of dexterity (left paw)
Wands
 i - a wand of paralysis (7)
Scrolls
 e - 2 scrolls of teleportation
 f - a scroll of vulnerability {unknown}
 g - a scroll of enchant armour
 j - a scroll of blinking {unknown}
 k - 2 scrolls of fog {unknown}
 n - a scroll of poison {unknown}
 p - a scroll of noise {unknown}
Potions
 a - a potion of ambrosia
 c - a potion of heal wounds {unknown}
 d - 2 potions of mutation {unknown}
 l - a potion of degeneration {unknown}
 m - a potion of might {unknown}
 o - a potion of brilliance {unknown}


   Skills:
 + Level 3.4 Fighting
 + Level 5.1 Dodging
 + Level 3.6 Stealth
 + Level 5.6 Unarmed Combat


You had 4 spell levels left.
You didn't know any spells.
Your spell library contained the following spells:

 Spells                   Type           Power      Damage    Failure   Level
 Summon Guardian Golem    Hex/Summ       0%         N/A       69%         3
 Orb of Destruction       Conj           0%         9d5       100%        7
 Spellforged Servitor     Conj/Summ      0%         N/A       100%        7


Dungeon Overview and Level Annotations

Branches:
Dungeon (4/15)
 Temple: D:4-7

Altars:

Shops:
D:2 ?


Innate Abilities, Weirdness & Mutations

You have sharp claws.
You have razor-sharp teeth.
You have supernaturally acute eyesight. (SInv)
You cover ground quickly. (Speed+)
You are covered in fur. (AC +1)
Your paws help you pounce on unaware monsters.
You are incapable of wielding weapons or throwing items.
You cannot wear armour.
You gain extra lives every three experience levels.


Message History

A jackal and a giant cockroach come into view.
Found 5 stones.
A jackal comes into view.
You scratch the giant cockroach but do no damage.
The giant cockroach misses you.
You claw the giant cockroach!
You kill the giant cockroach!
You pounce on the unaware helpless jackal!
You mangle the jackal!!
You kill the jackal!
You pounce on the unaware helpless jackal!
You mangle the jackal!!
You kill the jackal!
You see here a +0 quarterstaff.
An orc comes into view. It is wielding a +0 flail.
An orc comes into view. It is wielding a +0 club.
An orc priest comes into view. It is wielding a +0 hand axe.
The orc priest shouts!
The orc shouts!
You hear a shout! x4
A goblin and a hobgoblin come into view.
The orc shouts!
The goblin shouts!
You hear an angry hiss.
A goblin comes into view. It is wielding a +0 dagger.
The goblin shouts!
You hear a shout! x2
A goblin comes into view. It is wielding a +0 dagger.
An adder comes into view.
The goblin moves out of view.
You claw the orc!
You kill the orc!
You claw the orc!
You kill the orc!
The orc priest casts a cantrip, but nothing happens.
The orc priest mumbles some strange prayers to Beogh against you.
Beogh smites you!
Ouch! That really hurt!
You see here 5 stones.
You see here 5 stones.
You miss the adder. The adder completely misses you.
The orc priest invokes the aid of Beogh against you.
Beogh smites you!
Ouch! That really hurt!
You die...

##)#..................#
#...##................#
#.....##..............#
##......##..#..........#
#........##..#........##
#....o....##..#.......#
#......†...##.###.....#
#.....)gSg..##.###...##
#.......g@...##.##########
##.......(...##...........
#............##..........
#............##..........
##.........#####..##.....
#........## #..##.....
##....#### #.........
##.### ####......... ###
###..#..###....


You could see an orc priest, an adder, a hobgoblin and 2 goblins.

Vanquished Creatures
  A black bear (D:3)
  A scorpion (D:4)
  Jessica (D:2)
  6 adders
  A worm (D:3)
  A dart slug (D:1)
  2 orcs (D:4)
  6 ball pythons
  4 endoplasms
  4 giant cockroaches
  6 goblins
  7 hobgoblins
  8 jackals
  7 kobolds
  4 quokkas
  A bat (D:1)
  2 frilled lizards (D:2)
  6 rats
68 creatures vanquished.

Notes
Turn   | Place    | Note
-------+----------+-------------------------------------------
     0 | D:1      | jimonade the Felid Monk began the quest for the Orb.
     0 | D:1      | Reached XP level 1. HP: 10/10 MP: 2/2
   211 | D:1      | Reached skill level 1 in Stealth
   211 | D:1      | Reached XP level 2. HP: 14/14 MP: 3/3
   654 | D:1      | Reached XP level 3. HP: 14/17 MP: 4/4
  1117 | D:2      | Identified the +1 robe "Tyafo" {rPois Will+}
  1572 | D:2      | Found The Oracle's Delphic Readings.
  1579 | D:2      | Bought a scroll of identify for 28 gold pieces
  1616 | D:2      | Noticed Jessica
  1630 | D:2      | Killed Jessica
  1631 | D:2      | Reached XP level 4. HP: 11/21 MP: 5/5
  1895 | D:3      | Found a faded altar of an unknown god.
  1975 | D:3      | Noticed a black bear
  2434 | D:3      | Slain by a black bear
  2435 | D:3      | Reached XP level 3. HP: -2/17 MP: 4/4
  2441 | D:3      | Killed a black bear
  2442 | D:3      | Reached skill level 5 in Dodging
  2442 | D:3      | Reached skill level 5 in Unarmed Combat
  2442 | D:3      | Reached XP level 4. HP: 17/21 MP: 5/5
  2442 | D:3      | Reached XP level 5. HP: 19/24 MP: 6/6
  2898 | D:4      | Killed from afar by an orc priest

Illustrated notes

Levels and vault maps discovered:
D:1:      beargit_arrival_greenhouse, layout_basic, minmay_pentomino_t2
D:2:      layout_basic, nicolae_nh_oracle_at_delphi, uniq_jessica
D:3:      layout_basic, hellmonk_ecumenical_altar_pennies_from_heaven
D:4:      layout_cave_pods, minmay_temple_entry_statues_fountains, uniq_robin

Skill      XL: |  1  2  3 |
---------------+----------+-----
Stealth        | 1 3 |  3.6
Unarmed Combat | 5 |  5.6
Dodging        | 5 |  5.1
Fighting       | |  3.4

Action                     |  1- 3 |  4- 6 || total
---------------------------+-------+-------++-------
  Melee: Unarmed           |   129 |    71 ||   200
         Bite              |    11 |     5 ||    16
         Punch             |     2 |     1 ||     3
    Use: Scroll            |     5 |       ||     5
   Stab: Sleeping          |     6 |     6 ||    12
         Distracted        |     2 |       ||     2
 Armour: Skin              |     3 |     1 ||     4
  Dodge: Dodged            |    88 |    51 ||   139
